Map: 트라이튼 - 래더

Players

INnoVation - Winner!

  • Race: Terran Terran
  • League: Grandmaster
  • Spawn Location: 5:00

Dream

  • Race: Terran Terran
  • League: Grandmaster
  • Spawn Location: 11:00

VOD

Have the link to the VOD?

Description

Time

  • Played on: Jan. 15, 2020, 5:24 a.m.
  • Length: 13:13
Show
View Real Time Build Order
Export as new Build Order

INnoVation Terran - Winner!

Build Orders: Gas First Reaper Expand, Hellion Opening 

Get SALT Encoding   

  12  0:00  SCV  
  13  0:12  SCV  
  14  0:16  Supply Depot  
  14  0:24  SCV  
  14  0:27  Refinery  
  15  0:38  SCV  
  16  0:45  Barracks  
  16  0:50  SCV  
  17  1:02  SCV  
  18  1:14  SCV  
  19  1:31  Orbital Command  
  19  1:32  Reaper  
  20  1:41  Command Center  
  20  1:54  Factory  
  20  1:57  SCV  
  21  2:04  Barracks Reactor  
  21  2:09  SCV  
  21  2:14  Supply Depot  
  22  2:16  Refinery  
  22  2:21  SCV  
  23  2:35  SCV  
  24  2:42  Starport  
  28  2:44  Hellion x2  
  28  2:47  SCV  
  28  2:49  Barracks Tech Lab  
  29  3:01  SCV  
  29  3:03  Orbital Command  
  30  3:06  Hellion  
  30  3:09  Hellion  
  34  3:14  Marauder  
  34  3:17  SCV  
  36  3:21  Medivac  
  38  3:30  Hellion  
  38  3:31  Hellion  
  42  3:37  Concussive Shells, Marauder  
  44  3:41  Supply Depot  
  44  3:45  SCV x2  
  46  3:53  Supply Depot  
  46  3:59  Viking  
  46  4:03  Hellion  
  46  4:06  Hellion  
  46  4:07  SCV x2  
  48  4:19  SCV x2  
  50  4:26  Command Center  
  50  4:30  Starport Tech Lab  
  51  4:31  SCV x2  
  51  4:34  Marine x2  
  54  4:43  SCV x2  
  54  4:45  Supply Depot, Siege Tank  
  59  4:51  Raven  
  61  4:54  Supply Depot  
  61  4:55  SCV  
  62  5:06  Marine x2, SCV  
  65  5:07  SCV  
  65  5:11  Refinery x2  
  66  5:17  Siege Tank  
  66  5:18  SCV  
  66  5:19  SCV  
  69  5:25  Marine x2  
  68  5:30  SCV  
  68  5:31  SCV  
  70  5:38  Orbital Command  
  70  5:41  Starport Reactor  
  71  5:42  SCV  
  71  5:44  SCV  
  71  5:49  Barracks  
  72  5:51  Barracks  
  72  5:53  Siege Tank  
  72  5:55  SCV, Stimpack  
  72  5:56  SCV  
  72  5:57  Marine  
  78  6:07  SCV  
  78  6:08  SCV  
  80  6:12  Orbital Command  
  80  6:16  Engineering Bay  
  80  6:17  Engineering Bay  
  80  6:19  SCV, Marine  
  80  6:20  SCV  
  80  6:25  Supply Depot, Siege Tank  
  86  6:27  Starport Reactor  
  86  6:31  SCV  
  86  6:32  SCV  
  84  6:44  Marine x3, SCV  
  84  6:45  SCV x2  
  90  6:52  Terran Infantry Weapons Level 1, Terran Infantry Armor Level 1  
  89  6:54  Supply Depot  
  89  6:57  SCV x2, Siege Tank  
  94  7:02  Marine x4  
  94  7:03  Marine  
  97  7:10  SCV x2  
  97  7:11  SCV  
  100  7:20  Medivac x2  
  102  7:25  Marine  
  102  7:26  Marine x4  
  107  7:35  Combat Shield, Supply Depot x2  
  107  7:37  SCV x2  
  109  7:44  SCV  
  109  7:56  Marine x5, Siege Tank  
  109  7:57  Viking x2  
  118  8:03  SCV x3  
  107  8:11  Refinery x2  
  100  8:13  Armory  
  100  8:14  Marine x5  
  100  8:15  SCV x3  
  100  8:18  Sensor Tower  
  108  8:27  SCV, Viking x2  
  108  8:28  SCV x2  
  108  8:32  Marine  
  114  8:34  Barracks  
  114  8:36  Barracks  
  114  8:39  Siege Tank  
  117  8:42  Marine x4  
  117  8:46  SCV x3  
  123  8:50  Marine  
  121  9:00  Marine x4  
  121  9:02  Medivac  
  125  9:09  Marine  
  125  9:10  SCV x3  
  125  9:11  Medivac  
  125  9:13  Siege Tank  
  125  9:14  Supply Depot  
  125  9:15  Supply Depot  
  112  9:18  Marine x4  
  112  9:23  SCV x3  
  113  9:27  Supply Depot  
  113  9:28  Barracks Reactor  
  113  9:30  Sensor Tower  
  113  9:31  Terran Infantry Weapons Level 2, Terran Infantry Armor Level 2  
  111  9:35  SCV x3  
  114  9:42  Viking  
  114  9:43  Viking  
  118  9:47  Siege Tank  
  118  9:50  Command Center  
  121  9:56  Marine x3  
  121  9:57  Marine x2  
  121  9:58  Barracks Reactor  
  126  10:06  Supply Depot x2  
  126  10:12  Medivac  
  126  10:13  Medivac  
  130  10:14  Marine x3  
  130  10:16  Marine x4, Supply Depot  
  136  10:21  Terran Vehicle Weapons Level 1  
  136  10:23  Siege Tank  
  139  10:29  Liberator  
  139  10:32  SCV x3  
  139  10:33  Liberator  
  142  10:37  Marine x5  
  142  10:41  Factory  
  145  10:44  SCV x3  
  145  10:47  Barracks Reactor  
  153  11:04  Marine x3  
  152  11:06  Planetary Fortress  
  152  11:08  Siege Tank  
  152  11:09  SCV  
  152  11:10  SCV  
  156  11:16  Marine, Sensor Tower  
  156  11:17  Marine x4  
  161  11:22  Marine, SCV x3  
  165  11:25  Siege Tank  
  165  11:26  Marine x4  
  165  11:29  Supply Depot  
  165  11:32  Viking  
  174  11:33  Viking  
  174  11:37  SCV  
  174  11:38  SCV, Refinery x2  
  178  11:43  Marine x4  
  179  11:58  Marine x6  
  179  12:00  Siege Tank  
  179  12:01  Marine, Siege Tank  
  191  12:06  Supply Depot  
  191  12:22  Marine x9  
  183  12:26  Viking x2  
  195  12:36  Siege Tank  
  190  12:38  Marine  
  190  12:40  Marine x7  
  174  12:48  Marine  
  174  12:49  Marine  
Show
View Real Time Build Order
Export as new Build Order

Dream Terran 

Build Orders: Gas First Reaper Expand, Hellion Opening 

Get SALT Encoding   

  12  0:00  SCV  
  13  0:12  SCV  
  14  0:17  Supply Depot  
  14  0:25  SCV  
  15  0:30  Refinery  
  15  0:38  SCV  
  16  0:43  Barracks  
  16  0:50  SCV  
  17  1:02  SCV  
  18  1:14  SCV  
  19  1:30  Orbital Command, Reaper  
  20  1:44  Command Center  
  20  1:56  Factory  
  20  1:58  SCV  
  21  2:07  Supply Depot, Barracks Reactor  
  21  2:11  SCV  
  22  2:17  Refinery  
  22  2:23  SCV  
  23  2:35  SCV  
  24  2:42  Starport  
  24  2:46  Hellion  
  24  2:47  Hellion  
  24  2:49  SCV  
  29  2:55  Orbital Command  
  29  3:01  SCV  
  30  3:08  Hellion x2  
  33  3:16  SCV, Barracks Tech Lab  
  33  3:19  Medivac  
  36  3:22  SCV  
  37  3:29  SCV, Hellion  
  37  3:32  Hellion  
  43  3:34  SCV  
  43  3:41  Supply Depot, Stimpack  
  43  3:45  SCV  
  43  3:46  SCV  
  45  3:51  Supply Depot  
  45  3:58  SCV  
  46  4:03  SCV  
  46  4:05  Hellion x2  
  46  4:06  Marine  
  46  4:09  Bunker  
  51  4:13  SCV  
  52  4:17  Viking  
  52  4:22  SCV  
  55  4:25  SCV  
  55  4:27  Hellion x2  
  60  4:35  SCV  
  60  4:37  SCV  
  62  4:47  Supply Depot  
  62  4:53  Command Center  
  62  4:57  Supply Depot  
  62  5:04  Starport Reactor, Barracks, Factory Tech Lab  
  62  5:08  SCV x2  
  62  5:12  Supply Depot  
  64  5:15  Barracks  
  64  5:21  SCV x2  
  66  5:24  Marine  
  66  5:26  Siege Tank  
  66  5:27  Combat Shield  
  62  5:33  SCV x2  
  64  5:38  Refinery  
  64  5:39  Refinery  
  64  5:42  Viking x2  
  68  5:45  SCV x2  
  70  5:51  Marine  
  70  5:52  Marine x2  
  71  5:57  SCV x2  
  71  6:02  Engineering Bay x2  
  73  6:05  Orbital Command  
  73  6:06  Barracks Reactor  
  73  6:08  Siege Tank  
  73  6:10  SCV  
  77  6:12  SCV  
  77  6:14  Marine x2  
  77  6:17  Marine  
  81  6:22  Medivac x2  
  81  6:23  SCV  
  86  6:27  Supply Depot  
  86  6:30  Terran Infantry Weapons Level 1  
  86  6:31  Terran Infantry Armor Level 1  
  86  6:35  Marine x2  
  88  6:44  Marine  
  88  6:45  Marine  
  80  6:48  SCV  
  80  6:49  Liberator  
  80  6:51  Marine  
  80  6:53  Marine x2  
  75  6:57  Medivac  
  75  6:59  SCV  
  75  7:01  SCV  
  79  7:02  Marine  
  79  7:07  Marine  
  84  7:09  Marine  
  81  7:16  Marine  
  81  7:17  Marine  
  81  7:20  Marine  
  84  7:23  Siege Tank  
  84  7:24  SCV x2  
  84  7:28  Marine  
  90  7:34  Marine x2  
  92  7:42  Orbital Command  
  92  7:47  Marine x2  
  92  7:48  Marine  
  95  7:55  Siege Tank  
  95  7:57  Orbital Command  
  98  7:59  Marine  
  98  8:01  Marine  
  98  8:05  Marine  
  100  8:06  Marine x2  
  98  8:13  Armory  
  98  8:18  Medivac  
  100  8:25  SCV  
  100  8:26  Supply Depot  
  101  8:29  Refinery  
  101  8:33  Supply Depot  
  101  8:35  Marine  
  101  8:36  Marine  
  101  8:37  Marine  
  101  8:38  Marine x2  
  101  8:39  SCV  
  107  8:44  SCV  
  106  8:51  SCV  
  106  8:53  Marine  
  100  8:56  SCV  
  100  8:57  Marine  
  100  9:00  Marine x3  
  105  9:03  SCV  
  105  9:08  Siege Tank  
  109  9:11  SCV x2, Marine  
  109  9:15  SCV, Marine  
  107  9:18  Marine x3  
  107  9:23  SCV x2  
  98  9:27  SCV  
  98  9:29  Marine, Terran Infantry Weapons Level 2  
  97  9:32  Refinery  
  97  9:34  Marine, Refinery  
  97  9:35  SCV x2, Marine, Supply Depot, Refinery  
  97  9:36  Supply Depot  
  101  9:39  Marine x2, SCV  
  101  9:42  Barracks  
  101  9:44  Terran Infantry Armor Level 2  
  104  9:47  Marine, SCV  
  104  9:49  SCV  
  104  9:51  SCV  
  104  9:52  Marine  
  109  9:53  Marine  
  109  9:56  Marine  
  109  9:57  Siege Tank  
  109  9:59  SCV  
  114  10:04  Marine  
  116  10:08  Terran Vehicle Weapons Level 1  
  116  10:10  Marine, Barracks  
  116  10:11  Marine  
  117  10:14  Marine  
  117  10:15  Factory  
  117  10:18  Barracks Reactor  
  120  10:22  Marine  
  120  10:23  Sensor Tower, Supply Depot  
  120  10:24  Supply Depot  
  119  10:32  Marine x2  
  119  10:33  Barracks Reactor  
  119  10:34  Siege Tank  
  123  10:35  Command Center  
  123  10:36  Viking  
  123  10:38  Viking  
  123  10:42  Marine x2  
  129  10:50  Marine x2  
  129  10:51  Supply Depot  
  129  10:52  Supply Depot  
  131  11:00  Marine x2  
  132  11:05  Marine x3  
  132  11:06  Viking  
  132  11:07  Marine  
  132  11:08  Marine, Viking  
  134  11:11  Siege Tank  
  134  11:12  Siege Tank  
  134  11:16  Marine x2  
  134  11:17  Marine  
  139  11:19  Marine  
  139  11:22  Marine  
  139  11:24  Starport  
  141  11:27  SCV  
  141  11:28  SCV  
  143  11:36  Marine  
  144  11:40  Marine x3  
  144  11:42  Marine  
  144  11:45  Marine  
  149  11:49  Siege Tank x2  
  149  11:53  Marine  
  155  11:54  Marine  
  155  11:55  Marine x2  
  155  11:58  Marine x3  
  157  12:05  Marine x2  
  143  12:11  Marine, Starport Reactor  
  143  12:12  Marine, Viking x2  
  143  12:13  Marine x2  
  151  12:15  Marine x2  
  151  12:16  Marine  
  151  12:21  Siege Tank x2  
  148  12:22  Marine  
  148  12:23  Marine  
  148  12:24  Planetary Fortress  
  148  12:25  SCV  
  148  12:26  SCV x2  
  148  12:29  Marine  
  154  12:30  Marine  
  148  12:38  SCV x2  
  148  12:39  Marine x2  
  121  12:45  Marine  
  121  12:46  Marine x4  
  121  12:47  Marine  
  121  12:48  Marine  
Tags
 
Add a new tag
Caveats
  • Supply blocks, unpowered buildings, or Contaminate may cause inaccurate times.
  • Supply counts are checked every 10 seconds.